Map: Kairos Junction LE

Players

Mesrob

  • Race: Terran Terran
  • League: Platinum
  • Spawn Location: 5:00

torrangora - Winner!

  • Race: Zerg Zerg
  • League: Platinum
  • Spawn Location: 11:00

VOD

Have the link to the VOD?

Description

Time

  • Played on: July 15, 2019, 7:42 p.m.
  • Length: 9:52
Show
View Real Time Build Order
Export as new Build Order

Mesrob Terran 

Build Orders: 2 Factory, Reaper Expand 

Get SALT Encoding   

  12  0:00  SCV  
  13  0:12  SCV  
  14  0:17  Supply Depot  
  14  0:24  SCV  
  15  0:39  Barracks, SCV  
  16  0:45  Refinery  
  16  0:51  SCV  
  17  1:03  SCV  
  18  1:15  SCV  
  19  1:27  Orbital Command  
  19  1:40  Command Center  
  19  1:42  Reaper  
  20  1:49  Refinery  
  20  1:52  SCV  
  21  2:13  Factory  
  21  2:21  SCV  
  22  2:27  Barracks Reactor  
  22  2:34  Supply Depot, SCV  
  23  2:49  Engineering Bay  
  23  2:53  SCV  
  23  2:55  Orbital Command  
  23  2:57  Factory  
  24  3:14  Hellion  
  24  3:15  Hellion  
  28  3:22  SCV  
  28  3:23  SCV  
  30  3:28  Supply Depot  
  30  3:34  SCV  
  31  3:39  Armory  
  31  3:41  Factory Tech Lab  
  31  3:42  Hellion  
  31  3:46  Hellion  
  35  3:51  Supply Depot  
  35  3:55  SCV  
  35  3:56  SCV  
  37  4:03  Supply Depot  
  37  4:08  SCV  
  38  4:12  Missile Turret  
  38  4:14  Supply Depot  
  38  4:15  Missile Turret  
  38  4:20  SCV  
  39  4:25  Missile Turret  
  39  4:34  Cyclone  
  39  4:35  Hellion x2  
  46  4:41  SCV  
  47  4:47  SCV  
  48  4:53  SCV  
  49  5:01  Terran Vehicle Weapons Level 1  
  49  5:02  Mag-Field Accelerator  
  48  5:10  Hellion x2, Cyclone  
  55  5:17  Factory  
  55  5:19  Factory  
  55  5:22  Refinery  
  55  5:23  Refinery, SCV x2  
  57  5:35  SCV x2  
  59  5:37  Hellion  
  59  5:38  Hellion  
  59  5:42  Cyclone  
  66  5:47  SCV x2  
  68  6:07  SCV x2  
  68  6:09  Factory Tech Lab, Factory Reactor  
  68  6:11  Hellion x2  
  74  6:14  Cyclone  
  75  6:19  SCV  
  72  6:36  Cyclone  
  72  6:37  Hellion x2  
  75  6:46  Cyclone  
  61  6:58  Hellion  
  61  7:01  Hellion x3  
  67  7:08  Cyclone  
  66  7:16  Starport  
  66  7:17  Starport  
  66  7:18  Hellion, Starport  
  55  7:41  Cyclone x2  
  55  7:42  Hellion x4  
  56  8:03  Hellion  
  56  8:04  Hellion  
  52  8:13  Cyclone  
  44  8:29  Cyclone  
  44  8:30  Hellion x2  
  44  8:31  Hellion x2  
  48  8:35  SCV  
  48  8:36  SCV  
  50  8:46  Hellion  
  50  8:47  SCV  
  50  8:48  SCV  
  44  8:52  Hellion x2  
  42  8:58  Hellion x2  
  42  8:59  SCV  
  42  9:00  SCV  
  42  9:01  Cyclone  
  46  9:07  Hellion  
  39  9:11  SCV  
  39  9:12  SCV  
  39  9:13  Hellion  
  35  9:24  SCV x2  
Show
View Real Time Build Order
Export as new Build Order

torrangora Zerg - Winner!

Build Orders: Hatch First 

Get SALT Encoding   

  12  0:00  Drone  
  13  0:09  Drone  
  14  0:16  Overlord  
  14  0:34  Drone x3  
  17  0:51  Hatchery  
  17  0:54  Drone  
  17  1:09  Spawning Pool  
  17  1:10  Extractor  
  15  1:12  Drone  
  15  1:15  Drone  
  17  1:20  Drone  
  18  1:33  Drone  
  18  1:38  Overlord  
  19  1:51  Drone  
  20  1:56  Queen  
  22  2:01  Drone  
  22  2:04  Queen  
  22  2:05  Zergling x2  
  26  2:11  Drone  
  26  2:13  Drone  
  28  2:26  Drone  
  28  2:27  Drone  
  30  2:34  Queen  
  30  2:36  Overlord  
  32  2:41  Drone  
  32  2:42  Queen  
  35  2:50  Drone  
  36  2:56  Drone  
  36  2:57  Drone  
  38  3:07  Drone  
  38  3:08  Hatchery  
  38  3:12  Drone x2  
  40  3:17  Drone  
  41  3:20  Lair  
  41  3:21  Drone  
  42  3:27  Roach Warren  
  42  3:32  Evolution Chamber  
  40  3:38  Drone x2  
  42  3:42  Extractor  
  42  3:47  Spore Crawler, Drone  
  42  3:48  Spore Crawler, Drone  
  41  3:58  Drone  
  41  3:59  Drone x2  
  41  4:00  Overlord x2  
  44  4:06  Extractor  
  44  4:08  Overlord  
  43  4:20  Drone x2  
  43  4:21  Drone x3  
  48  4:29  Overseer  
  48  4:32  Extractor  
  47  4:44  Drone x3  
  50  5:01  Drone x4  
  50  5:02  Drone x2  
  50  5:03  Drone  
  57  5:07  Glial Reconstitution  
  57  5:12  Zerg Ground Armor Level 1  
  57  5:15  Metabolic Boost  
  57  5:18  Roach, Spire  
  57  5:20  Roach x2  
  62  5:26  Queen  
  62  5:27  Drone x2  
  66  5:31  Overlord  
  66  5:53  Roach x3  
  72  6:02  Roach  
  74  6:16  Spine Crawler  
  67  6:18  Roach  
  67  6:19  Roach x2  
  67  6:20  Roach  
  67  6:27  Zergling x6  
  67  6:28  Queen  
  67  6:29  Queen  
  74  6:36  Roach  
  68  6:45  Drone x2  
  62  6:58  Roach x2  
  62  7:01  Queen, Roach x3  
  72  7:05  Overlord  
  69  7:30  Roach x3  
  69  7:31  Roach x2  
  71  7:51  Roach x4  
  77  7:52  Roach  
  65  8:27  Roach x3  
  65  8:28  Roach x3  
  65  8:32  Drone x3  
  80  8:34  Extractor  
  80  8:35  Extractor  
  74  8:57  Drone x2, Overlord x2  
  74  9:11  Drone x3  
  74  9:12  Mutalisk x3, Drone  
  74  9:15  Overlord x5  
  82  9:23  Spore Crawler  
  81  9:26  Spine Crawler  
  80  9:32  Ravager  
  80  9:33  Ravager x4  
  83  9:40  Spore Crawler  
  98  9:45  Spore Crawler  
Tags
 
Add a new tag
Caveats
  • Supply blocks, unpowered buildings, or Contaminate may cause inaccurate times.
  • Supply counts are checked every 10 seconds.